 Dungeon Crawl Stone Soup version 0.28-a0-616-gdeb3d7f7b4 (webtiles) character file.

Game seed: 8827028459549737409

4279 MirrMurr the Covert (level 10, -4/49 HPs)
             Began as a Spriggan Enchanter on Oct 6, 2021.
             Was an Initiate of Ashenzari.
             Slain by a yak (10 damage)
             ... on level 9 of the Dungeon.
             The game lasted 00:22:06 (12047 turns).

MirrMurr the Covert (Spriggan Enchanter)           Turns: 12047, Time: 00:22:06

Health: -4/49      AC:  7    Str:  7    XL:     10   Next: 10%
Magic:  9/17       EV: 19    Int: 17    God:    Ashenzari [......]
Gold:   459        SH:  5    Dex: 16    Spells: 6/17 levels left

rFire   . . .      SeeInvis +   a - +2 dagger (venom)
rCold   . . .      Faith    .   (shield restricted)
rNeg    + . .      Spirit   .   B - +0 swamp dragon scales
rPois   +          Reflect  +   (helmet restricted)
rElec   .          Harm     .   (no cloak)
rCorr   .          Rampage  .   (gloves unavailable)
Will    +....                   (boots unavailable)
Stlth   ++++......              h - amulet of reflection
HPRegen 0.16/turn               z - ring of positive energy
MPRegen 0.15/turn               (no ring)

@: very quick
A: very small, no large weapons, unfitting armour, see invisible, speed 3
a: Renounce Religion, Curse Item


You were on level 9 of the Dungeon.
You worshipped Ashenzari.
Ashenzari was noncommittal.
You visited 2 branches of the dungeon, and saw 10 of its levels.

You collected 459 gold pieces.

Inventory:

Hand Weapons
 a - a +2 dagger of venom (weapon)
 p - a +0 falchion of electrocution
 A - a +1 dagger
 C - a +4 dagger
 D - a +3 vampiric rapier
Missiles
 d - 20 poisoned darts
 i - 39 sling bullets
 j - 250 stones (quivered)
 u - 4 boomerangs
 y - a curare-tipped dart
Armour
 B - +0 swamp dragon scales (worn)
Magical Staves
 g - a staff of poison
Jewellery
 h - an amulet of reflection (around neck)
 z - a ring of positive energy (left hand)
Wands
 b - a wand of flame (19)
 q - a wand of acid (8)
 s - a wand of charming (8)
Scrolls
 n - 2 scrolls of teleportation
 x - a scroll of silence
 E - a scroll of amnesia
Potions
 c - a potion of invisibility
 e - 3 potions of lignification
 f - 2 potions of berserk rage
 k - 3 potions of brilliance
 l - 3 potions of haste
 m - 2 potions of heal wounds
 o - 2 potions of curing
 r - a potion of ambrosia
 t - 3 potions of mutation
 v - 4 potions of flight
 w - 2 potions of might


   Skills:
 - Level 4.0 Fighting
 + Level 7.5 Short Blades
 + Level 10.4 Dodging
 + Level 11.1 Stealth
 - Level 4.0 Spellcasting
 - Level 8.0 Hexes


You had 6 spell levels left.
You knew the following spells:

 Your Spells              Type           Power      Damage    Failure   Level
a - Ensorcelled Hibernat  Hex/Ice        34%        N/A       16%         2
b - Confusing Touch       Hex            30%        N/A       6%          3
c - Tukima's Dance        Hex            30%        N/A       6%          3
d - Dazzling Flash        Conj/Hex       34%        N/A       32%         3

Your spell library contained the following spells:

 Spells                   Type           Power      Damage    Failure   Level
 Slow                     Hex            30%        N/A       3%          2
 Yara's Violent Unravell  Hex/Tmut       8%         3d5       96%         5


Dungeon Overview and Level Annotations

Branches:
Dungeon (9/15)             Temple (1/1) D:6            Lair (0/6) D:8
    Orc: D:9-12

Altars:
Ashenzari
Cheibriados
Dithmenos
Elyvilon
Fedhas
Gozag
Hepliaklqana
Kikubaaqudgha
Makhleb
Nemelex Xobeh
Okawaru
Qazlal
Ru
Sif Muna
Trog
Uskayaw
Vehumet
Wu Jian
Xom
Yredelemnul
Zin
The Shining One

Shops:
D:2 *   D:3 (   D:4 (


Innate Abilities, Weirdness & Mutations

You are very small and have problems with some larger weapons.
You are too small for most types of armour.
You have supernaturally acute eyesight. (SInv)
You cover ground extremely quickly. (Speed+++)


Message History

The yak barely misses you.
You closely miss the yak.
The yak is moderately wounded.
You block the yak's attack.
You hit the yak.
The yak is heavily wounded.
You hit the yak but do no damage.
The yak looks as sick as possible!
The yak is heavily wounded.
The yak closely misses you.
You hit the yak but do no damage.
The yak looks as sick as possible!
The yak is heavily wounded.
You hit the yak.
The yak looks as sick as possible!
The yak is heavily wounded.
The yak gores you but does no damage.
The yak snorts and paws the ground.
You hit the yak but do no damage.
The yak looks as sick as possible!
The yak is heavily wounded.
The yak gores you!
Items here: ! ) [ †.
Your magical contamination has completely faded away.
You kill the yak!
Unknown command.
Unknown command.
You hit the yak but do no damage.
The yak is poisoned.
The yak closely misses you.
You hit the yak.
The yak looks as sick as possible!
The yak is lightly wounded.
You hit the yak but do no damage.
The yak is lightly wounded.
You block the yak's attack.
You hit the yak but do no damage.
The yak looks as sick as possible!
The yak is lightly wounded.
You hit the yak but do no damage.
The yak looks as sick as possible!
The yak is lightly wounded.
The yak gores you!
* * * LOW HITPOINT WARNING * * *
You closely miss the yak.
The yak is lightly wounded.
The yak gores you!
You die...

#.....########## ##....#
#.# #.Y$.# #.# #Y#### #.#
#Y# #.# #Y# #.# #.# #.#
#.#####################.#
#..)....YYYY@)..........#
#######################.#
########.# #<.......#
########.# #.# #.# #.#
#..


You could see 4 yaks.

Vanquished Creatures
  Maggie (D:7)
  A troll (D:9)
  Sigmund (D:2)
  3 yaks
  3 wargs
  A water moccasin (D:8)
  3 orc warriors
  An ice beast (D:7)
  A sky beast (D:8)
  2 black bears
  2 ogres
  A phantom (D:4)
  2 kobold brigands (D:7)
  5 bullfrogs
  2 scorpions (D:5)
  A water moccasin skeleton (D:6)
  3 killer bees (D:9)
  2 howler monkeys
  4 wights
  A centaur zombie (D:8)
  A gnoll shaman (D:6)
  A centaur skeleton (D:5)
  A hound (D:3)
  A jelly (D:6)
  5 orc priests
  An iguana (D:6)
  Terence (D:2)
  4 orc wizards
  2 killer bee zombies
  12 gnolls (D:6)
  A howler monkey skeleton (D:7)
  3 adders
  A white imp (D:5)
  An ufetubus (D:3)
  A worm (D:3)
  A dart slug (D:2)
  31 orcs
  2 endoplasms
  4 giant cockroaches
  11 goblins
  4 hobgoblins
  3 jackals (D:1)
  33 kobolds
  4 quokkas
  5 ball pythons
  4 bats
  2 frilled lizards
  6 rats
186 creatures vanquished.

Vanquished Creatures (collateral kills)
  2 wights
2 creatures vanquished.

Vanquished Creatures (others)
  4 dancing weapons
  39 plants (D:7)
43 creatures vanquished.

Grand Total: 231 creatures vanquished

Notes
Turn   | Place    | Note
-------+----------+-------------------------------------------
     0 | D:1      | MirrMurr the Spriggan Enchanter began the quest for the
                  | Orb.
     0 | D:1      | Reached XP level 1. HP: 9/9 MP: 5/5
    92 | D:1      | Reached XP level 2. HP: 9/13 MP: 6/6
   291 | D:1      | Reached skill level 5 in Stealth
   294 | D:1      | Learned a level 2 spell: Ensorcelled Hibernation
   381 | D:1      | Found a faded altar of an unknown god.
  1405 | D:2      | Reached XP level 3. HP: 16/16 MP: 8/8
  1409 | D:2      | Learned a level 3 spell: Confusing Touch
  1614 | D:2      | Noticed Sigmund
  1624 | D:2      | Killed Sigmund
  1625 | D:2      | Reached skill level 7 in Stealth
  1625 | D:2      | Reached XP level 4. HP: 21/21 MP: 2/9
  1625 | D:2      | Reached XP level 5. HP: 24/24 MP: 2/10
  1630 | D:2      | Learned a level 3 spell: Tukima's Dance
  1724 | D:2      | Found Neit's Assorted Antiques.
  1767 | D:2      | Noticed Terence
  1774 | D:2      | Killed Terence
  2216 | D:3      | Found Oblukov's Weapon Boutique.
  2525 | D:3      | Reached skill level 8 in Stealth
  2525 | D:3      | Reached XP level 6. HP: 15/28 MP: 2/11
  2907 | D:4      | Found Faaxtaz's Antique Weapon Emporium.
  2976 | D:4      | Reached skill level 5 in Short Blades
  2980 | D:4      | Learned a level 3 spell: Dazzling Flash
  3703 | D:5      | Entered Level 5 of the Dungeon
  3752 | D:5      | Reached skill level 5 in Hexes
  3768 | D:5      | Reached XP level 7. HP: 32/32 MP: 9/13
  5809 | D:6      | Paralysed by an orc warrior for 2 turns
  5819 | D:6      | Reached skill level 1 in Fighting
  5819 | D:6      | Reached XP level 8. HP: 13/37 MP: 10/15
  6437 | D:6      | Found an opulent altar of Gozag.
  7136 | D:6      | Found a staircase to the Ecumenical Temple.
  7141 | Temple   | Entered the Ecumenical Temple
  7218 | Temple   | Became a worshipper of Ashenzari the Shackled
  7346 | D:7      | Reached skill level 5 in Dodging
  9019 | D:7      | Identified the +0 chain mail of Summertime {rF+ rN+ Stlth+}
  9419 | D:7      | Reached XP level 9. HP: 37/45 MP: 11/16
  9868 | D:8      | Noticed Maggie
  9889 | D:7      | Killed Maggie
 10053 | D:8      | Reached skill level 9 in Stealth
 10926 | D:8      | Found a staircase to the Lair.
 10953 | D:7      | Reached skill level 10 in Stealth
 11764 | D:9      | Noticed a troll
 11769 | D:9      | Killed a troll
 11770 | D:9      | Reached skill level 10 in Dodging
 11825 | D:9      | Reached XP level 10. HP: 48/49 MP: 13/17
 12002 | D:9      | Reached skill level 11 in Stealth
 12047 | D:9      | Slain by a yak

Illustrated notes

Levels and vault maps discovered:
D:1:      lightli_arrival_statue_moat, layout_basic,
          ebering_ecumenical_altar_abandoned
D:2:      layout_loops_ring, serial_shops, shop, uniq_sigmund, uniq_terence
D:3:      layout_rooms, serial_shops, shop, kennysheep_generic_room_11
D:4:      layout_basic, serial_shops, nicolae_shop_waterfront,
          serial_bayou_crossing
D:5:      layout_layer_cave
D:6:      layout_loops_ring, grunt_gozag_breadcrumbs,
          minmay_temple_entry_nine_rooms, kennysheep_doodads, moated_statue,
          minmay_misc_feat_roman, minmay_diced_spiral
D:7:      kennysheep_kobold_camp, layout_rooms
D:8:      layout_loops_ring, erik_lair_orcish_takeover, uniq_maggie
D:9:      layout_basic, uniq_psyche
Temple:   grunt_wide_crystal_templ

Skill      XL: |  1  2  3  4  5  6  7  8  9 10 |
---------------+-------------------------------+-----
Stealth        | 5 7 8 10 11 | 11.1
Short Blades   | 2 4 5 7 |  7.5
Spellcasting   | 3 4 |  4.0
Hexes          | 5 8 |  8.0
Fighting       | 1 4 |  4.0
Dodging        | 3 7 10 | 10.4

Action                   |  1- 3 |  4- 6 |  7- 9 | 10-12 || total
-------------------------+-------+-------+-------+-------++-------
Melee: Dagger            |    69 |    67 |   470 |    37 ||   643
 Cast: Ensorcelled Hiber |    14 |     7 |    80 |     7 ||   108
       Confusing Touch   |       |       |    13 |       ||    13
       Tukima's Dance    |       |       |    14 |     2 ||    16
  Use: Scroll            |       |     6 |     5 |       ||    11
 Stab: Sleeping          |    25 |    20 |    49 |     2 ||    96
       Confused          |       |       |    12 |       ||    12
Armor: Robe              |     5 |     5 |    12 |       ||    22
       Swamp dragon scal |       |       |    15 |     4 ||    19
Dodge: Dodged            |    47 |    24 |   264 |    13 ||   348
Block: Other             |       |       |    43 |     4 ||    47
       Reflection        |       |       |     2 |       ||     2

Table legend: (Time is in decaauts)
 A = Elapsed time spent in this place.
 B = Non-inter-level travel time spent in this place.
 C = Inter-level travel time spent in this place.
 D = Time resting spent in this place.
 E = Time spent auto-exploring this place.
 F = Levels seen in this place.
 G = Mean time per level.
                   A        B        C        D        E       F      G
               +--------+--------+--------+--------+--------+-----+--------+
         Total |   9398 |   8921 |    477 |     15 |   7224 |  10 |  939.8 |
       Dungeon |   9342 |   8868 |    474 |     15 |   7202 |   9 | 1038.0 |
        Temple |     56 |     53 |      3 |      0 |     22 |   1 |   56.0 |
               +--------+--------+--------+--------+--------+-----+--------+

Top non-repeatable levels by time:
     D:6: 2209 daAuts
     D:7: 1561 daAuts
     D:5: 1244 daAuts
     D:1: 1108 daAuts
     D:8: 1064 daAuts
     D:4: 784 daAuts
     D:2: 562 daAuts
     D:3: 474 daAuts
     D:9: 333 daAuts
  Temple: 56 daAuts
